Map: Oxide LE

Players

Seither

  • Race: Terran Terran

Raza - Winner!

  • Race: Terran Terran

Event: DreamHack SC2 Masters 2021 Winter

VOD

Have the link to the VOD?

Description

Time

  • Played on: Oct. 1, 2021, 6:31 a.m.
  • Length: 8:07

All games in this series

Show
View Real Time Build Order
Export as new Build Order

Seither Terran 

Build Orders: Cyclone Opening 

Get SALT Encoding   

  12  0:00  SCV  
  13  0:12  SCV  
  14  0:17  Supply Depot  
  14  0:24  SCV  
  15  0:38  SCV  
  15  0:40  Barracks  
  16  0:44  Refinery  
  16  0:50  SCV  
  16  0:54  Refinery  
  17  1:03  SCV  
  18  1:15  SCV  
  19  1:28  Orbital Command, Reaper  
  19  1:29  Supply Depot  
  20  1:43  Factory  
  20  1:54  SCV  
  20  2:00  Reaper  
  22  2:06  SCV  
  23  2:18  SCV  
  24  2:30  SCV  
  25  2:39  Barracks Reactor, Factory Tech Lab  
  25  2:41  Command Center  
  25  2:42  SCV  
  26  2:53  Supply Depot  
  26  2:55  SCV  
  27  2:58  Cyclone  
  30  3:07  SCV  
  30  3:12  Starport  
  31  3:15  Marine x2  
  31  3:19  SCV  
  34  3:22  Refinery  
  34  3:30  Cyclone  
  34  3:31  SCV  
  38  3:34  Marine  
  38  3:40  Supply Depot  
  39  3:49  Starport Tech Lab  
  39  3:52  SCV, Marine  
  39  3:54  Orbital Command  
  41  3:56  Marine  
  42  4:04  SCV, Siege Tank  
  45  4:10  Marine  
  45  4:16  SCV  
  47  4:23  SCV  
  47  4:24  Raven  
  48  4:27  Supply Depot  
  48  4:28  SCV  
  48  4:30  Marine x2  
  53  4:35  SCV  
  54  4:38  Supply Depot  
  54  4:41  SCV  
  54  4:43  Siege Tank  
  58  4:47  SCV  
  58  4:53  SCV  
  58  4:57  Marine x2  
  58  4:59  SCV  
  61  5:02  Supply Depot  
  61  5:05  SCV  
  62  5:10  Raven  
  62  5:13  SCV  
  65  5:14  Command Center  
  65  5:17  SCV  
  65  5:21  Siege Tank  
  69  5:32  SCV x2, Marine x2  
  70  5:36  Supply Depot, Refinery  
  70  5:44  SCV x2  
  70  5:48  Supply Depot  
  72  5:56  SCV x2  
  74  6:02  Supply Depot  
  74  6:05  Siege Tank  
  74  6:07  Viking  
  74  6:08  Viking, SCV x2  
  74  6:10  Barracks  
  83  6:11  Barracks  
  83  6:14  Stimpack, Marine  
  84  6:20  Supply Depot, SCV x2  
  86  6:28  Supply Depot  
  86  6:30  Orbital Command  
  86  6:31  Engineering Bay  
  86  6:32  Engineering Bay  
  86  6:36  SCV x2  
  86  6:37  Marine  
  89  6:44  Viking  
  91  6:51  Viking, SCV x2  
  91  6:52  Siege Tank  
  95  7:06  SCV x2  
  89  7:10  Barracks Reactor x2, Marine  
  83  7:26  Siege Tank  
  83  7:28  Marine  
  83  7:29  SCV x2  
  89  7:34  Supply Depot, Barracks  
  89  7:36  Barracks  
  89  7:39  Starport Reactor  
  87  7:45  Marine  
  87  7:47  Marine x2  
  87  7:48  SCV x2, Marine x2  
Show
View Real Time Build Order
Export as new Build Order

Raza Terran - Winner!

Build Orders:  

Get SALT Encoding   

  12  0:00  SCV  
  13  0:12  SCV  
  14  0:16  Supply Depot  
  14  0:24  SCV  
  15  0:38  SCV  
  15  0:39  Barracks  
  16  0:43  Refinery  
  16  0:50  SCV  
  16  0:52  Refinery  
  17  1:02  SCV  
  18  1:14  SCV  
  19  1:26  Reaper  
  19  1:27  Orbital Command  
  19  1:28  Supply Depot  
  20  1:41  Factory  
  20  1:52  SCV  
  21  1:59  Barracks Reactor  
  21  2:05  SCV  
  22  2:17  SCV  
  22  2:19  Command Center  
  23  2:25  Hellion  
  23  2:29  SCV  
  26  2:39  Reaper x2  
  26  2:41  SCV  
  29  2:47  Supply Depot, Hellion  
  31  2:57  Starport  
  31  3:09  SCV  
  31  3:10  Hellion  
  31  3:11  Reaper x2  
  36  3:21  SCV  
  36  3:22  Refinery  
  37  3:32  Factory Tech Lab  
  37  3:33  Starport Tech Lab  
  37  3:36  Orbital Command  
  37  3:38  SCV  
  38  3:43  Marine x2  
  40  3:49  Supply Depot  
  40  3:51  Cyclone  
  40  3:53  SCV  
  44  4:03  SCV  
  44  4:05  SCV  
  44  4:06  Raven  
  44  4:10  Marine x2  
  44  4:15  SCV  
  46  4:18  SCV  
  46  4:23  Supply Depot  
  47  4:26  Siege Tank  
  47  4:30  Marine  
  47  4:31  Marine  
  52  4:33  SCV  
  52  4:34  SCV  
  54  4:39  Supply Depot  
  54  4:45  SCV  
  54  4:46  SCV  
  54  4:48  Marine  
  54  4:49  Raven, Marine  
  60  5:00  SCV  
  60  5:01  SCV, Siege Tank  
  60  5:05  Marine  
  60  5:06  Marine  
  67  5:11  Supply Depot  
  67  5:12  SCV  
  68  5:14  SCV  
  69  5:21  Command Center  
  69  5:25  SCV  
  69  5:26  SCV  
  71  5:33  Siege Tank  
  74  5:37  SCV  
  74  5:38  SCV  
  74  5:40  Supply Depot  
  76  5:43  Viking x2  
  76  5:44  Marine  
  76  5:49  Supply Depot, SCV  
  82  5:57  Stimpack  
  82  6:00  SCV  
  82  6:01  SCV  
  82  6:02  Marine  
  82  6:03  Barracks x2  
  85  6:07  Supply Depot  
  85  6:09  Siege Tank  
  88  6:12  SCV  
  88  6:13  Viking  
  91  6:20  SCV  
  91  6:23  Viking, Refinery  
  91  6:24  SCV  
  95  6:33  Engineering Bay, SCV  
  95  6:34  Engineering Bay  
  96  6:41  Orbital Command  
  96  6:45  Siege Tank  
  96  6:47  Marine  
  99  6:50  Viking  
  102  6:58  Viking  
  99  7:10  Orbital Command  
  97  7:19  Barracks Reactor  
  97  7:20  Barracks Reactor, Marine, Siege Tank  
  97  7:22  SCV x2, Barracks x2  
  101  7:34  SCV  
  101  7:35  SCV  
  103  7:38  SCV, Marine  
  103  7:42  Refinery  
  103  7:43  Refinery  
  105  7:46  SCV  
  105  7:47  SCV  

Tags
 
Add a new tag
Caveats
  • Supply blocks, unpowered buildings, or Contaminate may cause inaccurate times.
  • Supply counts are checked every 10 seconds.